 Dungeon Crawl Stone Soup version 0.32-a0-473-gd044c6f0f0 (webtiles) character file.

Game seed: 17951063875497220410

60 BubbleThief the Ruffian (level 4, -1/29 HPs)
             Began as an Octopode Shapeshifter on Feb 25, 2024.
             Slain by Terence
             ... wielding a +2 mace of protection
              (8 damage)
             ... on level 3 of the Dungeon.
             The game lasted 00:03:04 (1745 turns).

BubbleThief the Ruffian (Octopode Shapeshifter)     Turns: 1745, Time: 00:03:04

Health: -1/29      AC:  1    Str: 15    XL:     4   Next: 4%
Magic:  4/4        EV: 13    Int: 12    God:
Gold:   116        SH:  0    Dex: 11    Spells: 3/3 levels left

rFire   . .          .
                       - Unarmed
rCold   . . .        (no shield)
rNeg    . . .        (helmet currently unavailable)
rPois   .            (no amulet)
rElec   .            (no ring)
rCorr   .            (no ring)
SInv    .            (no ring)
Will    .....        (no ring)
Stlth   ++           (no ring)
HPRegen 0.24/turn    (no ring)
MPRegen 0.09/turn    (no ring)
                     (no ring)

%: no passive effects
@: beast-form
A: beast (slay +2), almost no armour, amphibious, 8 rings, camouflage 1,
gelatinous body 1, (nimble swimmer 1), tentacles
a: Begin Untransformation


You were on level 3 of the Dungeon.
You were a hulking beast.
You visited 1 branch of the dungeon, and saw 3 of its levels.

You collected 116 gold pieces.

Inventory:

Armour
 h - a +0 hat
Talismans
 b - a beast talisman (active)
 c - a flux talisman
 o - a talisman of death
Wands
 k - a wand of roots (1)
Scrolls
 d - 2 scrolls of teleportation {unknown}
 f - 4 scrolls of identify {unknown}
 g - 3 scrolls of poison {unknown}
 j - a scroll of noise {unknown}
 l - 2 scrolls of revelation {unknown}
 n - a scroll of enchant armour {unknown}
Potions
 a - a potion of lignification
 e - 2 potions of attraction {unknown}
 i - a potion of mutation {unknown}
 m - 2 potions of curing {unknown}


   Skills:
 + Level 2.3 Fighting
 - Level 2.0 Dodging
 + Level 3.6 Unarmed Combat
 + Level 3.5 Shapeshifting


You had 3 spell levels left.
You didn't know any spells.
Your spell library contained the following spells:

 Spells                   Type           Power      Damage    Failure   Level
 Static Discharge         Conj/Air       0%         3-3/arc   45%         2
 Airstrike                Air            0%         2d(0-16)  97%         4
 Passage of Golubria      Tloc           0%         N/A       97%         4
 Summon Lightning Spire   Summ/Air       0%         N/A       97%         4
 Silence                  Hex/Air        0%         N/A       100%        5
 Lehudib's Crystal Spear  Conj/Erth      0%         10d2      100%        8


Dungeon Overview and Level Annotations

Branches:
Dungeon (3/15)

Altars:

Annotations:
D:3 Terence


Innate Abilities, Weirdness & Mutations

You are a hulking beast.
Your limbs bulge with bestial killing power. (Slay +2)
You cannot wear most types of armour.
You are amphibious.
You can wear up to eight rings at the same time.
Your skin changes colour to match your surroundings (Stealth+).
Your rubbery body absorbs attacks. (AC +1, EV +1)
((You are camouflaged when in or above water. (Stealth+)))
You have tentacles for arms and can constrict up to eight enemies at once.


Message History

No target in view!
You open the door.
A giant cockroach comes into view.
Found a scroll labelled OGA OTROTI.
There is an open door here.
Terence the Incautious comes into view.
He is wielding a +2 mace of protection.
Terence shouts!
Terence says, "Rest in peace."
The giant cockroach attacks as it pursues you!
The giant cockroach barely misses you. The giant cockroach barely misses you.
The giant cockroach attacks as it pursues you!
The giant cockroach bites you.
There is an open door here.
The giant cockroach attacks as it pursues you!
The giant cockroach misses you.
You tentacle-slap the giant cockroach. You grab the giant cockroach.
You squeeze the giant cockroach.
The giant cockroach is heavily wounded.
You constrict the giant cockroach, but do no damage.
The giant cockroach closely misses you.
You tentacle-slap the giant cockroach but do no damage.
You squeeze the giant cockroach.
You kill the giant cockroach!
You tentacle-slap Terence but do no damage.
You grab Terence.
You constrict Terence, but do no damage.
Terence hits you with a +2 mace of protection!
You tentacle-slap Terence but do no damage.
You tentacle-slap Terence, but do no damage.
You constrict Terence, but do no damage.
Terence hits you with a +2 mace of protection!
* * * LOW HITPOINT WARNING * * *
Aiming: Fastroot
Press: ? - help, Shift-Dir - straight line, f - you The roots erupt in riotous growth!
Terence is unaffected.
You constrict Terence, but do no damage.
Terence hits you with a +2 mace of protection!
You die...
Terence says, "Rest in peace."

........#
#.........#
#.........#
#.......?.#
#.........#
#.........#
#.........####
#.........@h.#
#.........##.#
#.........##<#
..........####
###########


You could see Terence.

Vanquished Creatures
  3 dart slugs
  2 ribbon worms (D:2)
  2 ball pythons
  2 bats
  3 endoplasms
  3 giant cockroaches
  6 goblins
  6 hobgoblins
  5 kobolds
  2 quokkas (D:2)
  4 frilled lizards
  6 rats
44 creatures vanquished.

Notes
Turn   | Place    | Note
-------+----------+-------------------------------------------
     0 | D:1      | BubbleThief the Octopode Shapeshifter began the quest for
                  | the Orb.
     0 | D:1      | Reached XP level 1. HP: 13/13 MP: 1/1
    29 | D:1      | Found a faded altar of an unknown god.
   143 | D:1      | Reached XP level 2. HP: 18/18 MP: 2/2
   478 | D:1      | Reached XP level 3. HP: 24/24 MP: 3/3
  1468 | D:2      | Reached XP level 4. HP: 5/29 MP: 4/4
  1734 | D:3      | Noticed Terence
  1745 | D:3      | Slain by Terence

Illustrated notes

Levels and vault maps discovered:
D:1:      zelgadis_glass_arrival_small, layout_basic,
          ebering_ecumenical_altar_webs, minmay_misc_feat_five
D:2:      kennysheep_big_flooded_room, layout_basic
D:3:      layout_basic, nicolae_sif_muna_condensation, uniq_terence

Skill      XL: |  1  2  3 |
---------------+----------+-----
Fighting       | 2 |  2.3
Dodging        | |  2.0
Unarmed Combat | |  3.6
Shapeshifting  | |  3.5

Action                     |  1- 3 |  4- 6 || total
---------------------------+-------+-------++-------
  Melee: Unarmed           |    75 |     5 ||    80
         Constrict         |    21 |     2 ||    23
         Tentacles         |    17 |     2 ||    19
         Punch             |     1 |     1 ||     2
  Evoke: Wand              |       |     1 ||     1
   Stab: Sleeping          |     8 |       ||     8
 Armour: Skin              |    28 |     4 ||    32
  Dodge: Dodged            |    36 |     5 ||    41

Table legend: (Time is in decaauts)
 A = Elapsed time spent in this place.
 B = Non-inter-level travel time spent in this place.
 C = Inter-level travel time spent in this place.
 D = Time resting spent in this place.
 E = Time spent auto-exploring this place.
 F = Levels seen in this place.
 G = Mean time per level.
                   A        B        C        D        E       F      G
               +--------+--------+--------+--------+--------+-----+--------+
         Total |   1739 |   1595 |    144 |      0 |   1302 |   3 |  579.7 |
       Dungeon |   1739 |   1595 |    144 |      0 |   1302 |   3 |  579.7 |
               +--------+--------+--------+--------+--------+-----+--------+

Top non-repeatable levels by time:
     D:1: 890 daAuts
     D:2: 832 daAuts
     D:3: 17 daAuts
